 Dungeon Crawl Stone Soup version 0.31.0-9-g3a7656b989 (webtiles) character file.

Game seed: 1504942060860612172

125 Gumption the Chopper (level 4, -1/41 HPs)
             Began as a Minotaur Berserker on Jan 28, 2024.
             Was a Believer of Trog.
             Incinerated by a bombardier beetle (4 damage)
             ... with a burning spray
             ... on level 3 of the Dungeon.
             The game lasted 00:08:02 (1809 turns).

Gumption the Chopper (Minotaur Berserker)           Turns: 1809, Time: 00:08:02

Health: -1/41      AC:  8    Str: 24    XL:     4   Next: 82%
Magic:  3/3        EV: 10    Int:  4    God:    Trog [**....]
Gold:   107        SH:  0    Dex:  9    Spells: 3/3 levels left

rFire   . . .        a - +0 broad axe
rCold   . . .        (no shield)
rNeg    . . .        j - +0 scale mail
rPois   .            (helmet restricted)
rElec   .            g - +0 cloak
rCorr   .            (no gloves)
SInv    .            (no boots)
Will    .....        (no amulet) Stlth
                     (no ring)
HPRegen 0.26/turn    (no ring)
MPRegen 0.08/turn

%: no passive effects
@: on fire, glowing
A: horns 2, retaliatory headbutt
a: Renounce Religion, Berserk, Trog's Hand


You were on level 3 of the Dungeon.
You worshipped Trog.
Trog was pleased with you.
You visited 1 branch of the dungeon, and saw 3 of its levels.

You collected 107 gold pieces.

Inventory:

Hand Weapons
 a - a +0 broad axe (weapon)
Missiles
 e - 4 poisoned darts (quivered)
Armour
 g - a +0 cloak (worn)
 j - a +0 scale mail (worn)
Scrolls
 b - 2 scrolls of immolation {unknown}
 d - 3 scrolls of fear {unknown}
 i - a scroll of fog {unknown}
 k - 2 scrolls of teleportation {unknown}
 l - a scroll of poison {unknown}
 m - 3 scrolls of revelation {unknown}
 n - a scroll of enchant weapon {unknown}
Potions
 c - a potion of heal wounds {unknown}
 f - a potion of enlightenment {unknown}
 h - a potion of might {unknown}


   Skills:
 + Level 4.6 Fighting
 * Level 5.4 Axes
 + Level 3.6 Armour
 - Level 2.1 Dodging


You had 3 spell levels left.
You didn't know any spells.
Your spell library was empty.

Dungeon Overview and Level Annotations

Branches:
Dungeon (3/15)

Altars:


Innate Abilities, Weirdness & Mutations

You have a pair of horns on your head.
You reflexively headbutt those who attack you in melee.


Message History

The burning spray hits you.
You are covered in liquid fire!
You shake off some of the fire as you move.
The liquid fire burns you!
You slash the bombardier beetle!
The bombardier beetle is severely wounded.
The liquid fire burns you!
The bombardier beetle sprays incendiary fluid at you.
The burning spray hits you.
You are even more covered in liquid fire!
You slash the bombardier beetle!
You kill the bombardier beetle!
Trog accepts your kill. The liquid fire burns you!
You shake off some of the fire as you move.
The liquid fire burns you!
You see here a bombardier beetle corpse.
You are on fire!
You are on fire!
You are on fire!
You are on fire!
You are on fire!
You are on fire!
You are on fire!
You are on fire!
You are on fire!
You are on fire!
You are on fire!
The liquid fire burns you! The liquid fire burns you!
The liquid fire burns you!
* * * LOW HITPOINT WARNING * * *
The liquid fire burns you!
* * * LOW HITPOINT WARNING * * *
The liquid fire burns you!
* * * LOW HITPOINT WARNING * * *
The liquid fire burns you!
* * * LOW HITPOINT WARNING * * *
The liquid fire burns you!
You die...

##.........###......#
#.......## #.#..#.#
##.....## #.#.##.#
##...## #.#.##.#
##'## #.#.##.# #.#
#......# ### #.#
###.#### ..# ##.##
#.# #.###...## #@#
..##.....# #.#
..###...##### #.#
#.##......... ..#
..##.######## ###
.....# ######


There were no monsters in sight!

Vanquished Creatures
  A bombardier beetle (D:3)
  2 adders (D:2)
  A ribbon worm (D:2)
  4 dart slugs (D:1)
  7 ball pythons
  6 endoplasms
  2 giant cockroaches
  2 goblins
  4 hobgoblins
  5 jackals (D:1)
  5 bats
  6 frilled lizards
  7 kobolds
  6 rats
58 creatures vanquished.

Notes
Turn   | Place    | Note
-------+----------+-------------------------------------------
     0 | D:1      | Gumption the Minotaur Berserker began the quest for the
                  | Orb.
     0 | D:1      | Reached XP level 1. HP: 19/19 MP: 0/0
   185 | D:1      | Reached skill level 4 in Axes
   187 | D:1      | Reached XP level 2. HP: 26/27 MP: 1/1
   391 | D:1      | Reached ** piety under Trog
   392 | D:1      | Reached XP level 3. HP: 33/33 MP: 2/2
   740 | D:1      | Found a faded altar of an unknown god.
  1194 | D:2      | Reached skill level 5 in Axes
  1194 | D:2      | Reached XP level 4. HP: 30/41 MP: 3/3
  1809 | D:3      | Incinerated by a bombardier beetle

Illustrated notes

Levels and vault maps discovered:
D:1:      dpeg_arrival_refuge, layout_basic, chequers_ecumenical_altar_lobes,
          hangedman_decor_clover_reticule
D:2:      layout_basic, minmay_tetromino_i2
D:3:      layout_loops_corners, mainiacjoe_overflow_divided_tiny,
          minmay_joined_circles

Skill      XL: |  1  2  3 |
---------------+----------+-----
Axes           | 4 5 |  5.4
Fighting       | 4 |  4.6
Armour         | 3 |  3.6
Dodging        | |  2.1

Action                     |  1- 3 |  4- 6 || total
---------------------------+-------+-------++-------
  Melee: Hand axe          |    92 |    21 ||   113
         Headbutt          |    14 |     3 ||    17
         Punch             |     1 |     1 ||     2
         Broad axe         |       |     2 ||     2
 Armour: Animal skin       |     6 |       ||     6
         Ring mail         |    26 |       ||    26
         Leather armour    |     3 |       ||     3
         Scale mail        |    16 |     8 ||    24
  Dodge: Dodged            |    44 |    13 ||    57
